 Dungeon Crawl Stone Soup version 0.26-a0-540-g8a0c9464d7 (webtiles) character file.

Game seed: 16201083201150581680

10 vurker the Sneak (level 2, -4/24 HPs)
             Began as a Formicid Delver on Aug 24, 2020.
             Slain by a gnoll
             ... wielding a +0 whip
              (8 damage)
             ... on level 5 of the Dungeon.
             The game lasted 00:00:18 (36 turns).

vurker the Sneak (Formicid Delver)                    Turns: 36, Time: 00:00:19

Health: -4/24      AC:  3    Str: 16    XL:     2   Next: 30%
Magic:  2/2        EV: 12    Int:  9    God:
Gold:   0          SH:  0    Dex: 12    Spells: 1/1 levels left

rFire    . . .     SeeInvis +   a - +0 hand axe
rCold    . . .     Faith    .   (no shield)
rNeg     . . .     Spirit   .   b - +0 leather armour
rPois    .         Reflect  .   (helmet unavailable)
rElec    .         Harm     .   (no cloak)
rCorr    .                      (no gloves)
MR       .....                  (no boots)
Stlth    +++.......             (no amulet)
HPRegen  0.08/turn              (no ring)
MPRegen  0.08/turn              (no ring)

@: no status effects
A: permanent stasis, dig shafts and tunnels, four strong arms, antennae 3
a: Dig, Shaft Self


You were on level 5 of the Dungeon.
You visited 1 branch of the dungeon, and saw 1 of its levels.

Inventory:

Hand Weapons
 a - a +0 hand axe (weapon)
Armour
 b - a +0 leather armour (worn)
Wands
 v - a wand of digging (3)
Scrolls
 c - a scroll of fog
 d - a scroll of magic mapping
 e - a scroll of fear


   Skills:
 + Level 3.5 Fighting
 * Level 2.6 Axes
 - Level 1.7 Dodging
 - Level 6.0 Stealth


You had one spell level left.
You didn't know any spells.
Your spell library was empty.

Dungeon Overview and Level Annotations

Branches:
Dungeon (5/15)
 Temple: D:4-7

Altars:


Innate Abilities, Weirdness & Mutations

You cannot be hasted, slowed, berserked, paralysed or teleported.
You can dig through walls and to a lower floor.
Your four strong arms can wield two-handed weapons with a shield.
You have a pair of large antennae on your head. (SInv)


Message History

Options error: Bad channel -- pray (~/.crawlrc:4155) Options error: Bad channel -- food (~/.crawlrc:4158) Welcome, vurker the Formicid Delver.
It is said that the Orb of Zot exists deep within this dungeon.
Found a stone staircase leading down.
Unknown command.
Unknown command.
Setting a skill training target for Axes at 14.0.
Found a scroll labeled EHUSECIDDIT.
A gnoll comes into view. It is wielding a +0 whip.
There is a stone staircase leading down here. 2 gnolls come into view.
The gnoll shouts!
You extend your mandibles.
You dig through the rock wall.
The gnoll shouts! x2
You dig through the rock wall.
You dig through the rock wall.
You retract your mandibles.
You hit the gnoll. The gnoll hits you but does no damage.
You hit the gnoll but do no damage. You hit the gnoll.
The gnoll hits you but does no damage.
You slash the gnoll! The gnoll hits you with a +0 whip.
You hit the gnoll. The gnoll hits you with a +0 whip!
Ouch! That really hurt!
* * * LOW HITPOINT WARNING * * *
The gnoll closely misses you.
You hit the gnoll.
You kill the gnoll!
You have reached level 2!
You hit the gnoll. The gnoll barely misses you. The gnoll misses you.
You hit the gnoll but do no damage. The gnoll barely misses you.
You hit the gnoll but do no damage. The gnoll hits you with a +0 whip.
* * * LOW HITPOINT WARNING * * *
You completely miss the gnoll. The gnoll hits you with a +0 whip.
* * * LOW HITPOINT WARNING * * *
You hit the gnoll. The gnoll barely misses you.
You closely miss the gnoll. The gnoll hits you with a +0 whip!
You die...

##### #...#
##...## ###
#..#..###@##
#.####.###g#
########>#
##.#.##
.........#
#..##
...###...##
##.#
###..### g##
##....#..#
#......g{#
#..##...{#


You could see a gnoll.

Vanquished Creatures
  A gnoll (D:5)
1 creature vanquished.

Notes
Turn   | Place    | Note
-------+----------+-------------------------------------------
     0 | D:5      | vurker the Formicid Delver began the quest for the Orb.
     0 | D:5      | Reached XP level 1. HP: 18/18 MP: 1/1
    30 | D:5      | Reached XP level 2. HP: 11/24 MP: 2/2
    36 | D:5      | Slain by a gnoll

Illustrated notes

Levels and vault maps discovered:
D:5:      layout_layer_cave, gammafunk_temple_overflow_claw, uniq_duvessa

Action                   || total
-------------------------++-------
Melee: Hand axe          ||    12
 Abil: Dig               ||     1
Armor: Leather armour    ||     1
Dodge: Dodged            ||     5

Table legend: (Time is in decaauts)
 A = Elapsed time spent in this place.
 B = Non-inter-level travel time spent in this place.
 C = Inter-level travel time spent in this place.
 D = Time resting spent in this place.
 E = Time spent auto-exploring this place.
 F = Levels seen in this place.
 G = Mean time per level.
                   A        B        C        D        E       F      G
               +--------+--------+--------+--------+--------+-----+--------+
         Total |     38 |     38 |      0 |      0 |      4 |   1 |   38.0 |
       Dungeon |     38 |     38 |      0 |      0 |      4 |   1 |   38.0 |
               +--------+--------+--------+--------+--------+-----+--------+

Top non-repeatable levels by time:
     D:5: 38 daAuts
